 Dungeon Crawl Stone Soup version 0.30-a0-782-ge64f9170bb (webtiles) character file.

Game seed: 11652477551786764398

5169 Dirtsage the Cleaver (level 10, -1/73 HPs)
             Began as a Demonspawn Fighter on Mar 14, 2023.
             Splashed by a brown ugly thing's acid (9 damage)
             ... on level 7 of the Dungeon.
             The game lasted 00:13:52 (7514 turns).

Dirtsage the Cleaver (Demonspawn Fighter)           Turns: 7514, Time: 00:13:52

Health: -1/73      AC:  6    Str: 21    XL:     10   Next: 34%
Magic:  10/10      EV:  8    Int: 10    God:
Gold:   513        SH: 10    Dex: 12    Spells: 9/9 levels left

rFire   . . .      SeeInvis .    a - +0 war axe
rCold   . . .      Faith    .    c - +0 buckler
rNeg    + . .      Spirit   .    o - +2 chain mail {rN+}
rPois   .          Reflect  +    (no helmet)
rElec   .          Harm     .    m - +0 cloak
rCorr   .          Rampage  .    (no gloves)
Will    .....                    (no boots)
Stlth   x                          - amulet of reflection
HPRegen 0.32/turn                (no ring)
MPRegen 0.12/turn                (no ring)

@: corroded
A: thin metallic scales 1, spiny 2
a: no special abilities


You were on level 7 of the Dungeon.
You visited 1 branch of the dungeon, and saw 7 of its levels.

You collected 513 gold pieces.

Inventory:

Hand Weapons
 a - a +0 war axe (weapon)
 C - the +5 hammer of Wisotyr {protect, Int+2}
   (You found it on level 5 of the Dungeon)

   Int:       It affects your intelligence (+2).
Missiles
 s - a throwing net (quivered)
 B - 8 curare-tipped darts
Armour
 b - a +0 scale mail
 c - a +0 buckler (worn)
 j - a +2 helmet
 m - a +0 cloak (worn)
 o - a +2 chain mail of positive energy (worn)
 w - a scarf of shadows
Magical Staves
 v - a staff of earth
Jewellery
 x - an amulet of reflection (around neck)
Wands
 D - a wand of digging (3)
 E - a wand of roots (7)
 K - a wand of mindburst (15)
Scrolls
 f - 8 scrolls of identify {unknown}
 i - 2 scrolls of poison {unknown}
 k - 2 scrolls of noise {unknown}
 r - 4 scrolls of blinking {unknown}
 t - 2 scrolls of summoning {unknown}
 u - 2 scrolls of fear {unknown}
 y - a scroll of enchant armour {unknown}
 z - a scroll of enchant weapon {unknown}
 A - 2 scrolls of fog {unknown}
 F - a scroll of teleportation {unknown}
 I - a scroll of vulnerability {unknown}
Potions
 d - 3 potions of flight {unknown}
 e - 3 potions of mutation
 g - a potion of invisibility {unknown}
 h - 2 potions of haste
 l - 2 potions of heal wounds
 n - 2 potions of degeneration {unknown}
 p - 2 potions of cancellation {unknown}
 q - 7 potions of curing
 G - a potion of resistance {unknown}
 H - a potion of magic {unknown}
 J - a potion of experience {unknown}


   Skills:
 + Level 4.6 Fighting
 + Level 12.1 Axes
 + Level 4.2 Armour
 + Level 2.9 Dodging
 * Level 5.3 Shields


You had 9 spell levels left.
You didn't know any spells.
Your spell library was empty.

Dungeon Overview and Level Annotations

Branches:
Dungeon (7/15)             Temple (0/1) D:7

Altars:
Ashenzari
Cheibriados
Hepliaklqana
Okawaru
Trog
Uskayaw

Shops:
D:2 [

Annotations:
D:7 1 runed translucent door


Innate Abilities, Weirdness & Mutations

You are partially covered in thin metallic scales. (AC +2)
You are mostly covered in sharp spines.


Message History

You block the brown ugly thing's attack.
You see here the ring of Daitys {Wiz rPois rF+++ Dex-5 SInv}.
You slash the brown ugly thing!
The brown ugly thing is lightly wounded.
The brown ugly thing is struck by your spines.
The brown ugly thing punches you. The acid corrodes you!
You are splashed with acid!
You take 10 damage, and have 63/73 hp.
You hit the brown ugly thing but do no damage.
The brown ugly thing is moderately wounded.
The brown ugly thing is struck by your spines.
The brown ugly thing punches you. The acid corrodes you!
You are splashed with acid!
You take 11 damage, and have 52/73 hp.
You barely miss the brown ugly thing.
The brown ugly thing is moderately wounded.
The brown ugly thing punches you but does no damage.
You barely miss the brown ugly thing.
The brown ugly thing is moderately wounded.
The brown ugly thing punches you!
You are splashed with acid!
You take 16 damage, and have 37/73 hp.
MASSIVE DAMAGE!!
You hit the brown ugly thing.
The brown ugly thing is moderately wounded.
You hit the brown ugly thing.
The brown ugly thing is heavily wounded.
The brown ugly thing is struck by your spines.
The brown ugly thing punches you but does no damage.
You closely miss the brown ugly thing.
The brown ugly thing is heavily wounded.
The brown ugly thing is struck by your spines.
The brown ugly thing punches you!
You are splashed with acid!
* * * LOW HITPOINT WARNING * * *
You take 17 damage, and have 21/73 hp.
MASSIVE DAMAGE!!
You barely miss the brown ugly thing.
The brown ugly thing is heavily wounded.
The brown ugly thing is struck by your spines.
The brown ugly thing punches you!
* * * LOW HITPOINT WARNING * * *
The acid corrodes you!
You are splashed with acid!
You die...

#. ... ### ####
######).##
...O#.##.#
...##)##.## ##
...#)##.#.# #.#
#.##.##...## ##u#
#.#.##)#.#.### #@##
#+#.##.....##.###.#
...##.#.#.#)##...##
...##....)..###.##
#.##.#.#.#.#.##.#
#.##.........##)#
##'##'#########'#
.##.##.###†###.##
.##.##....)....#


You could see a brown ugly thing.

Vanquished Creatures
  A two-headed ogre (D:7)
  Pikel (D:5)
  A gargoyle (D:7)
  An unseen horror (D:7)
  The ghost of senseless the Trooper, an amateur DsFi (D:5)
  A vampire (D:7)
  Sigmund (D:5)
  2 vampire mosquitoes (D:7)
  Menkaure (D:5)
  An acid dragon (D:7)
  2 water moccasins
  3 sky beasts
  An ice beast (D:6)
  3 ogres
  A centaur (D:7)
  2 lemures (D:5)
  3 kobold brigands
  2 phantoms
  A necrophage (D:7)
  A scorpion (D:7)
  A gnoll sergeant (D:7)
  A bullfrog (D:7)
  4 hounds
  2 jellies (D:7)
  4 orc priests (D:5)
  Terence (D:2)
  6 iguanas
  Crazy Yiuf (D:5)
  Natasha (thrice) (D:3)
  6 orc wizards
  15 gnolls
  4 adders
  A white imp (D:7)
  An ufetubus (D:4)
  A worm (D:2)
  6 dart slugs
  24 orcs
  8 ball pythons
  7 endoplasms
  3 giant cockroaches
  37 goblins
  35 hobgoblins
  4 jackals (D:2)
  32 kobolds
  5 quokkas
  7 bats
  A frilled lizard (D:2)
  8 rats
258 creatures vanquished.

Vanquished Creatures (others)
  A plant (D:6)
1 creature vanquished.

Grand Total: 259 creatures vanquished

Notes
Turn   | Place    | Note
-------+----------+-------------------------------------------
     0 | D:1      | Dirtsage the Demonspawn Fighter began the quest for the
                  | Orb.
     0 | D:1      | Reached XP level 1. HP: 18/18 MP: 1/1
    82 | D:1      | Reached skill level 2 in Axes
   420 | D:1      | Gained mutation: You are partially covered in thin metallic
                  | scales. (AC +2) [demonic ancestry]
   420 | D:1      | Reached XP level 2. HP: 24/24 MP: 2/2
   651 | D:2      | Found Ygism's Antique Armour Shop.
   677 | D:2      | Reached skill level 3 in Axes
   681 | D:2      | Reached XP level 3. HP: 17/29 MP: 3/3
   687 | D:2      | Reached skill level 4 in Axes
   687 | D:2      | Reached XP level 4. HP: 16/35 MP: 4/4
   825 | D:2      | Noticed Terence
   833 | D:2      | Killed Terence
  1647 | D:3      | Reached XP level 5. HP: 41/41 MP: 5/5
  1711 | D:3      | Noticed Natasha
  1720 | D:3      | Killed Natasha
  1721 | D:3      | Reached skill level 5 in Axes
  1878 | D:3      | Noticed Natasha
  1884 | D:3      | Killed Natasha
  1911 | D:3      | Noticed Natasha
  1921 | D:3      | Killed Natasha
  1947 | D:3      | Found a faded altar of an unknown god.
  2219 | D:3      | Identified the +6 short sword of Inconvenience {holy,
                  | Str+2}
  2488 | D:3      | Gained mutation: You are partially covered in sharp spines.
                  | [demonic ancestry]
  2488 | D:3      | Reached XP level 6. HP: 40/47 MP: 6/6
  2579 | D:3      | Reached skill level 6 in Axes
  3475 | D:5      | Entered Level 5 of the Dungeon
  3491 | D:5      | Found a runed translucent door.
  3492 | D:5      | Noticed Crazy Yiuf
  3579 | D:5      | Noticed Sigmund
  3621 | D:5      | Reached skill level 7 in Axes
  3624 | D:5      | Killed Sigmund
  3625 | D:5      | Reached XP level 7. HP: 50/52 MP: 7/7
  3652 | D:5      | Noticed Menkaure
  3659 | D:5      | Killed Menkaure
  3660 | D:5      | Reached skill level 8 in Axes
  3874 | D:5      | Found a runed translucent gate.
  3874 | D:5      | Found a runed translucent gate.
  3876 | D:5      | Noticed senseless's ghost (amateur DsFi)
  3879 | D:5      | Found a runed translucent gate.
  3953 | D:5      | Reached XP level 8. HP: 33/58 MP: 8/8
  4268 | D:5      | You fall into a shaft and drop 1 floor!
  4276 | D:6      | Found an iron altar of Okawaru.
  4310 | D:6      | Reached skill level 9 in Axes
  4752 | D:5      | Found a snail-covered altar of Cheibriados.
  4774 | D:5      | Noticed Pikel
  4795 | D:5      | Killed Pikel
  4796 | D:5      | Reached skill level 10 in Axes
  5239 | D:5      | Killed senseless's ghost
  5240 | D:5      | Reached skill level 11 in Axes
  5240 | D:5      | Gained mutation: You are mostly covered in sharp spines.
                  | [demonic ancestry]
  5240 | D:5      | Reached XP level 9. HP: 25/63 MP: 9/9
  5455 | D:5      | Killed Crazy Yiuf
  5460 | D:5      | Identified the +5 hammer of Wisotyr {protect, Int+2}
  5594 | D:6      | Found a bloodstained altar of Trog.
  5608 | D:6      | Found a broken altar of Ashenzari.
  5612 | D:6      | Found a hazy altar of Hepliaklqana.
  5612 | D:6      | Found a hide-covered altar of Uskayaw.
  6548 | D:7      | Found a staircase to the Ecumenical Temple.
  6657 | D:7      | Reached skill level 1 in Dodging
  6922 | D:7      | Gained mutation: You have a pair of small antennae on your
                  | head. [potion of mutation]
  6922 | D:7      | Gained mutation: You are agile. (Dex +4, Str/Int -1)
                  | [potion of mutation]
  7084 | D:7      | Found a runed translucent door.
  7087 | D:7      | Noticed a two-headed ogre
  7097 | D:7      | Lost mutation: You have a pair of small antennae on your
                  | head. [potion of mutation]
  7097 | D:7      | Lost mutation: You are agile. (Dex +4, Str/Int -1) [potion
                  | of mutation]
  7097 | D:7      | Gained mutation: Your flesh is cold resistant. (rC+)
                  | [potion of mutation]
  7097 | D:7      | Gained mutation: You are weak. (Str -2) [potion of
                  | mutation]
  7097 | D:7      | Lost mutation: Your flesh is cold resistant. (rC+) [potion
                  | of mutation]
  7097 | D:7      | Lost mutation: You are weak. (Str -2) [potion of mutation]
  7194 | D:7      | Reached skill level 12 in Axes
  7332 | D:7      | Noticed a gargoyle
  7333 | D:7      | Noticed a two-headed ogre
  7338 | D:7      | Reached XP level 10. HP: 71/71 MP: 10/10
  7339 | D:7      | Killed a gargoyle
  7348 | D:7      | Killed a two-headed ogre
  7349 | D:7      | Reached skill level 5 in Shields
  7506 | D:7      | Identified the ring of Daitys {Wiz rPois rF+++ Dex-5 SInv}
  7506 | D:7      | Noticed a brown ugly thing
  7514 | D:7      | Splashed by a brown ugly thing's acid

Illustrated notes

Levels and vault maps discovered:
D:1:      evilmike_arrival_crescent, layout_loops_cross
D:2:      layout_basic, serial_shops,
          nicolae_shop_temple_entry_statues_fountains, grunt_ministairs_10,
          kennysheep_generic_room_15, uniq_terence
D:3:      minmay_goblin_kobold_castle, layout_loops_ring,
          shapermc_ecumenical_altar_totnotflames, st_stairs_3,
          minmay_checkerbox, uniq_natasha
D:4:      layout_basic
D:5:      layout_loops_corners, lemuel_coloured_pillars_altar,
          gammafunk_ghost_nasty_kobolds, uniq_sigmund, uniq_menkaure,
          uniq_crazy_yiuf_cottage, uniq_pikel
D:6:      corexii_shantytown, layout_layer_cave,
          nicolae_overflow_hallway_of_the_gods
D:7:      minmay_the_grid_triangle_9x9_rhombus_full
          [minmay_the_grid_triangle_9x9_dagger,
          minmay_the_grid_triangle_9x9_subtriangle,
          minmay_the_grid_triangle_9x9_semitri,
          minmay_the_grid_triangle_9x9_zippers_horizontal,
          minmay_the_grid_triangle_9x9_intruding_spiral,
          minmay_the_grid_triangle_9x9_skeleton,
          minmay_the_grid_triangle_9x9_sparse_checkered,
          minmay_the_grid_triangle_9x9_prize_special], layout_loops_corners,
          minmay_temple_entry_statues

Skill      XL: |  1  2  3  4  5  6  7  8  9 10 |
---------------+-------------------------------+-----
Axes           | 2 3 4 5 7 8 11 12 | 12.1
Shields        | 4 5 |  5.3
Armour         | 3 4 |  4.2
Dodging        | 2 |  2.9
Fighting       | 4 |  4.6

Action                     |  1- 3 |  4- 6 |  7- 9 | 10-12 || total
---------------------------+-------+-------+-------+-------++-------
  Melee: War axe           |    42 |   264 |   333 |    35 ||   674
  Evoke: Wand              |       |       |     1 |       ||     1
    Use: Potion            |     1 |     1 |     7 |       ||     9
 Armour: Scale mail        |    39 |     6 |       |       ||    45
         Chain mail        |       |   170 |   147 |    10 ||   327
  Dodge: Dodged            |    33 |    75 |    56 |     5 ||   169
  Block: Buckler           |     8 |    58 |   135 |    10 ||   211
         Reflection        |       |       |     5 |       ||     5

Table legend: (Time is in decaauts)
 A = Elapsed time spent in this place.
 B = Non-inter-level travel time spent in this place.
 C = Inter-level travel time spent in this place.
 D = Time resting spent in this place.
 E = Time spent auto-exploring this place.
 F = Levels seen in this place.
 G = Mean time per level.
                   A        B        C        D        E       F      G
               +--------+--------+--------+--------+--------+-----+--------+
         Total |   7612 |   7495 |    117 |    282 |   5851 |   7 | 1087.4 |
       Dungeon |   7612 |   7495 |    117 |    282 |   5851 |   7 | 1087.4 |
               +--------+--------+--------+--------+--------+-----+--------+

Top non-repeatable levels by time:
     D:5: 1689 daAuts
     D:3: 1385 daAuts
     D:6: 1334 daAuts
     D:7: 1004 daAuts
     D:2: 944 daAuts
     D:1: 661 daAuts
     D:4: 593 daAuts
